[Event "ICC tourney 2791 (30 10)"]
[Site "Internet Chess Club"]
[Date "2022.01.08"]
[Round "3"]
[White "RAMKUMAR, NIKHIL:nikhilramkumar"]
[Black "BOGIN, THEODORE:tbogin1"]
[Result "0-1"]
[ICCResult "White resigns"]
[WhiteElo "1271"]
[BlackElo "1492"]
[Opening "Sicilian: Najdorf, Byrne (English) attack"]
[ECO "B90"]
[NIC "SI.14"]
[Time "17:00:38"]
[PlyCount "78"]
[TimeControl "1800+10"]

1. e4 c5 2. Nf3 d6 3. d4 cxd4 4. Nxd4 Nf6 5. Nc3 a6 6. Be3 e5 7. Nb3 Be7 8.
f3 O-O 9. Be2 Be6 10. h4 Nbd7 11. g4 b5 12. a3 Nb6 13. h5 Nc4 14. Bc1 d5 15.
exd5 Nxd5 16. Nd2 Nce3 17. Nxd5 Nxd1 18. Nxe7+ Qxe7 19. Kxd1 f5 20. g5 Qxg5
21. Ne4 Qd8+ 22. Nd2 e4 23. fxe4 fxe4 24. Ke1 e3 25. Nf3 Bg4 26. Bxe3 Bxf3
27. Rf1 Bxe2 28. Kxe2 Rxf1 29. Rxf1 Rc8 30. c3 Rc4 31. Bd4 Rxd4 32. cxd4
Qxd4 33. Rd1 Qxd1+ 34. Kxd1 Kf7 35. Ke2 Ke6 36. Kd3 Kd5 37. b4 g5 38. Ke3 h6
39. Kf3 Kc4 {White resigns} 0-1

[Event "ICC tourney 2791 (30 10)"]
[Site "Internet Chess Club"]
[Date "2022.01.08"]
[Round "3"]
[White "LAIDO, MATTHEW:Dabao"]
[Black "BRUDNO, STEPHEN:StevChess01"]
[Result "0-1"]
[ICCResult "White forfeits on time"]
[WhiteElo "1062"]
[BlackElo "1440"]
[Opening "Sicilian: Alapin's variation (2.c3)"]
[ECO "B22"]
[NIC "SI.46"]
[Time "17:00:25"]
[PlyCount "72"]
[TimeControl "1800+10"]

1. e4 c5 2. c3 d5 3. exd5 Qxd5 4. d4 Nc6 5. Nf3 Bg4 6. Be2 e6 7. h3 Bh5 8.
g4 Bg6 9. Bf4 cxd4 10. cxd4 Nf6 11. Nc3 Qd8 12. O-O Bd6 13. Bxd6 Qxd6 14.
Nb5 Qd8 15. Rc1 O-O 16. Qd2 Nd5 17. Nc3 Rc8 18. Rfd1 Qd6 19. Nb5 Qb8 20. Kg2
Nf4+ 21. Kf1 Nxh3 22. Kg2 Nf4+ 23. Kg1 Nxe2+ 24. Qxe2 a6 25. Nc3 h6 26. Kg2
Qf4 27. Qe3 Qxg4+ 28. Kf1 Rfd8 29. Ke2 Bh5 30. Rd3 Nxd4+ 31. Kd2 Nxf3+ 32.
Kc2 Bg6 33. Kb1 Rxd3 34. Qxd3 Bxd3+ 35. Ka1 Qg5 36. Rd1 Bg6
{White forfeits on time}
0-1

[Event "ICC tourney 2791 (30 10)"]
[Site "Internet Chess Club"]
[Date "2022.01.08"]
[Round "3"]
[White "CHENG, ADRIEN WEIHENG:hi321"]
[Black "AMMASANI, SMAYAN:Chessamma"]
[Result "1-0"]
[ICCResult "Black checkmated"]
[WhiteElo "1519"]
[BlackElo "1546"]
[Opening "KGD: classical variation"]
[ECO "C30"]
[NIC "KG.05"]
[Time "17:00:20"]
[PlyCount "113"]
[TimeControl "1800+10"]

1. f4 e5 2. e4 Bc5 3. Nf3 d6 4. Bc4 Nh6 5. d4 exd4 6. Nxd4 Qf6 7. c3 Nc6 8.
Bb5 Bd7 9. Bxc6 bxc6 10. O-O O-O 11. Qd3 Rfe8 12. Be3 Ng4 13. Nd2 Qh4 14.
N2f3 Qf6 15. h3 Nxe3 16. Qxe3 Qg6 17. Rae1 Bxh3 18. Nh4 Qf6 19. Qxh3 Bxd4+
20. cxd4 Qxd4+ 21. Qe3 Qxb2 22. Re2 Qf6 23. Nf3 d5 24. e5 Qe7 25. Qd4 Red8
26. f5 c5 27. Qg4 Kh8 28. f6 gxf6 29. exf6 Qxf6 30. Ne5 Qg7 31. Nxf7+ Kg8
32. Qxg7+ Kxg7 33. Nxd8 Rxd8 34. Re7+ Kg6 35. Rxc7 d4 36. Rxc5 d3 37. Rd1 d2
38. Rc2 Re8 39. Rcxd2 Re5 40. Rd6+ Kf7 41. Rd7+ Kg6 42. R1d6+ Kg5 43. Rd5
Kf6 44. Rxe5 Kxe5 45. Rxh7 Kd4 46. Rxa7 Kc3 47. Rb7 Kd3 48. a4 Ke4 49. a5
Kd5 50. a6 Kd4 51. a7 Ke4 52. a8=Q Kd4 53. Qe8 Kd5 54. Rd7+ Kc4 55. Qc8+ Kb5
56. Rb7+ Ka6 57. Qa8# {Black checkmated} 1-0

[Event "ICC tourney 2791 (30 10)"]
[Site "Internet Chess Club"]
[Date "2022.01.08"]
[Round "3"]
[White "GOVINDARAJULA, PRANAY SIDDHARTH:K06-17345554"]
[Black "Elkon, Alex N:Sprinless"]
[Result "1-0"]
[ICCResult "Black resigns"]
[WhiteElo "1543"]
[BlackElo "1681"]
[Opening "Caro-Kann: classical, Spassky variation"]
[ECO "B19"]
[NIC "CK.12"]
[Time "17:00:13"]
[PlyCount "93"]
[TimeControl "1800+10"]

1. e4 c6 2. d4 d5 3. Nc3 dxe4 4. Nxe4 Bf5 5. Ng3 Bg6 6. h4 h6 7. Nf3 Nd7 8.
h5 Bh7 9. Bd3 Bxd3 10. Qxd3 e6 11. c3 Bd6 12. Ne4 Bc7 13. Be3 Ngf6 14. Nxf6+
Nxf6 15. O-O-O O-O 16. g4 Qd5 17. g5 Qxf3 18. gxf6 Qxf6 19. Rdg1 Bf4 20. Rg4
Bxe3+ 21. Qxe3 Rfd8 22. Rhg1 Rd5 23. Rxg7+ Qxg7 24. Rxg7+ Kxg7 25. Qg3+ Rg5
26. Qc7 Rb5 27. a4 Rf5 28. Qxb7 Rg8 29. Qxa7 Rxf2 30. Qc5 Kh7 31. Kb1 Rb8
32. Qa3 Rf5 33. a5 Rbb5 34. b4 Rf1+ 35. Kb2 Rg1 36. a6 Rg8 37. a7 Ra8 38.
Qa6 Rd5 39. Qb7 Rxa7 40. Qxa7 Kg7 41. Qb7 Rxh5 42. Qxc6 Rd5 43. b5 Rd8 44.
b6 f5 45. Qc7+ Kg6 46. Qxd8 f4 47. b7 {Black resigns} 1-0

[Event "ICC tourney 2791 (30 10)"]
[Site "Internet Chess Club"]
[Date "2022.01.08"]
[Round "3"]
[White "SUDHAKAR, SNEGAPRANEETH :Ninthexpert"]
[Black "JIMENEZ, LUIS A:eltuna"]
[Result "1-0"]
[ICCResult "Black checkmated"]
[WhiteElo "1293"]
[BlackElo "1519"]
[Opening "QGD Slav defense"]
[ECO "D10"]
[NIC "SL.01"]
[Time "17:00:22"]
[PlyCount "97"]
[TimeControl "1800+10"]

1. d4 d5 2. c4 c6 3. Nc3 Nf6 4. e3 a6 5. Nf3 Bf5 6. Bd3 Bxd3 7. Qxd3 e6 8.
O-O dxc4 9. Qxc4 Be7 10. e4 O-O 11. Bg5 h6 12. Bh4 b5 13. Qe2 Nbd7 14. e5
Nd5 15. Bxe7 Nxe7 16. Ne4 Nf5 17. Rac1 Qb6 18. Rfd1 Rfd8 19. g4 Ne7 20. Nd6
Nc8 21. Nxc8 Raxc8 22. b4 a5 23. a3 Ra8 24. Qe4 Rdc8 25. Ne1 axb4 26. axb4
Ra4 27. Nd3 Nb8 28. Rc3 Na6 29. Rb1 Nb8 30. Nc5 Ra7 31. h4 Qd8 32. Rh3 Nd7
33. Nd3 Nf8 34. h5 Rd7 35. Rb3 Rxd4 36. Qg2 Qd5 37. Qxd5 cxd5 38. f4 Nd7 39.
Kf2 Rcc4 40. Rh1 f6 41. exf6 Nxf6 42. Re1 Re4 43. Rg1 d4 44. Ra3 Nd5 45.
Ra8+ Kf7 46. Ne5+ Kf6 47. Rf8+ Ke7 48. Rf7+ Kd6 49. Rd7# {Black checkmated}
1-0

[Event "ICC tourney 2791 (30 10)"]
[Site "Internet Chess Club"]
[Date "2022.01.08"]
[Round "3"]
[White "Mason, Mike W:MikeWMason"]
[Black "AYYAPPAN, ANUSHKA:Anushkaa"]
[Result "1/2-1/2"]
[ICCResult "Game drawn by mutual agreement"]
[WhiteElo "1550"]
[BlackElo "1303"]
[Opening "Giuoco Piano"]
[ECO "C50"]
[NIC "IG.02"]
[Time "17:01:00"]
[PlyCount "183"]
[TimeControl "1800+10"]

1. e4 e5 2. Nf3 Nc6 3. Bc4 Bc5 4. d4 exd4 5. O-O Nge7 6. Ng5 Ne5 7. Nxf7
Nxf7 8. Bxf7+ Kxf7 9. Qh5+ Ng6 10. Qd5+ Ke8 11. Qxc5 d6 12. Qxd4 Qe7 13. Nc3
c6 14. Be3 Kf7 15. Rad1 Rd8 16. Qd2 h6 17. Qe2 Kg8 18. f4 Qh4 19. g3 Qe7 20.
Rd2 Bh3 21. Re1 Bd7 22. Red1 Be8 23. Qf2 a6 24. Bb6 Rd7 25. e5 dxe5 26. Bc5
Rxd2 27. Rxd2 Qf7 28. f5 Nf8 29. Ne4 Nh7 30. b3 Nf6 31. Nd6 Qc7 32. Bb6 Qe7
33. Qe2 Bh5 34. Qc4+ Kh7 35. h3 Bf3 36. Qf7 Qxf7 37. Nxf7 e4 38. Rf2 Nd5 39.
Ba5 Rf8 40. Nd6 Rf6 41. Nc4 Rxf5 42. Bd2 b5 43. Ne3 Nxe3 44. Bxe3 Rd5 45.
Rd2 Rxd2 46. Bxd2 Bd1 47. c4 Kg6 48. Kf2 Kf5 49. Ke3 Bc2 50. Bc3 g6 51. Bd2
c5 52. cxb5 axb5 53. b4 c4 54. Kd4 h5 55. Be3 Ba4 56. Bd2 Bc2 57. Be3 Bd3
58. Bd2 Bf1 59. g4+ hxg4 60. hxg4+ Kxg4 61. Kxe4 Bd3+ 62. Ke3 Bc2 63. Kf2 g5
64. Be3 Kh4 65. Bd4 g4 66. Be5 Kh3 67. Bg3 Bd1 68. Be5 Kh4 69. Bg3+ Kg5 70.
Ke3 Kf5 71. Kd4 Bc2 72. Ke3 Ke6 73. Kd4 Bd1 74. Bf4 Kf5 75. Bg3 Ke6 76. Be1
Kf5 77. Bg3 Bc2 78. Bh2 Bb1 79. a3 Bc2 80. Bg3 Ba4 81. Bh2 g3 82. Bxg3 Kg4
83. Be1 Kf3 84. Kc3 Ke2 85. Bh4 Kd1 86. Bg5 Bb3 87. Bf4 Bc2 88. Bg5 Ba4 89.
Bf4 Ke2 90. Bg5 Kf3 91. Bc1 Ke4 92. Bh6 {Game drawn by mutual agreement}
1/2-1/2

[Event "ICC tourney 2791 (30 10)"]
[Site "Internet Chess Club"]
[Date "2022.01.08"]
[Round "3"]
[White "Karthi, Jashith:jazzk"]
[Black "QIAN, BOBBY:math54321"]
[Result "0-1"]
[ICCResult "White resigns"]
[WhiteElo "1392"]
[BlackElo "1610"]
[Opening "QGD Slav defense"]
[ECO "D10"]
[NIC "SL.01"]
[Time "17:00:17"]
[PlyCount "222"]
[TimeControl "1800+10"]

1. d4 d5 2. c4 c6 3. Nc3 Nf6 4. Bf4 dxc4 5. e4 b5 6. a3 e6 7. Nf3 Nbd7 8.
Be2 Bb7 9. O-O Be7 10. Rc1 O-O 11. Qc2 a6 12. h3 c5 13. Rfd1 Qb6 14. e5 Nd5
15. Nxd5 Bxd5 16. dxc5 Bxc5 17. Bg3 h6 18. Nh2 Rfd8 19. Bf3 Qc6 20. Bxd5
exd5 21. Ng4 Nb6 22. b4 Be7 23. Ne3 a5 24. Nf5 Bf8 25. Bh4 Re8 26. f4 axb4
27. axb4 Bxb4 28. Kh1 Bc5 29. Rf1 d4 30. Qd1 d3 31. Bf6 g6 32. Nxh6+ Kf8 33.
Nf5 Nd5 34. Nh4 Nxf6 35. exf6 Qxf6 36. Qg4 d2 37. Rcd1 c3 38. f5 g5 39. Ng6+
fxg6 40. fxg6 Bf2 41. Qb4+ Kg7 42. Qxb5 Rad8 43. Qb7+ Re7 44. Qb3 Rc8 45.
Qc2 Qxg6 46. Qxg6+ Kxg6 47. Rxf2 c2 48. Rfxd2 cxd1=Q+ 49. Rxd1 Rec7 50. Rd6+
Kf5 51. Rd2 Rc2 52. Rd5+ Kf4 53. Kh2 Rf2 54. Rd4+ Ke5 55. Rg4 Kf5 56. Rg3
Rcc2 57. Rg4 Rce2 58. Rg3 Rf1 59. Rg4 Re3 60. Ra4 Re4 61. Ra3 Kf4 62. Ra8
Ree1 63. Rf8+ Ke5 64. Re8+ Kf6 65. Ra8 Rh1+ 66. Kg3 Rhg1 67. Ra6+ Kf5 68.
Ra5+ Kf6 69. Kh2 Rgf1 70. Ra6+ Kf5 71. Ra5+ Kf4 72. Ra4+ Re4 73. Ra8 Ke3 74.
Ra3+ Kf2 75. Rf3+ Ke2 76. Rg3 Re5 77. Ra3 Rd5 78. Ra2+ Ke3 79. Ra3+ Rd3 80.
Ra5 Kf4 81. Ra4+ Ke5 82. Ra5+ Rd5 83. Ra8 Rf6 84. Rg8 Kf4 85. Ra8 Rd4 86.
Ra7 g4 87. hxg4 Kxg4 88. Rg7+ Kf4 89. Ra7 Rh6+ 90. Kg1 Rd2 91. Ra4+ Ke3 92.
Ra3+ Rd3 93. Ra1 Ke2 94. Ra2+ Rd2 95. Ra1 Rd1+ 96. Rxd1 Kxd1 97. Kf2 Rf6+
98. Ke3 Rg6 99. Kf3 Kd2 100. g4 Kd3 101. Kf4 Kd4 102. Kf5 Rg8 103. g5 Kd5
104. Kf6 Kd6 105. g6 Rf8+ 106. Kg7 Rf1 107. Kh7 Rh1+ 108. Kg8 Ke7 109. g7
Rg1 110. Kh8 Kf7 111. g8=N Rh1+ {White resigns} 0-1

[Event "ICC tourney 2791 (30 10)"]
[Site "Internet Chess Club"]
[Date "2022.01.08"]
[Round "4"]
[White "CHENG, ADRIEN WEIHENG:hi321"]
[Black "Doan Giang, Nguyen Doan:Doctorstrange04"]
[Result "0-1"]
[ICCResult "White resigns"]
[WhiteElo "1519"]
[BlackElo "1575"]
[Opening "Sicilian: Nimzovich-Rossolimo attack (with ...g6, without ...d6)"]
[ECO "B31"]
[NIC "SI.31"]
[Time "19:00:42"]
[PlyCount "124"]
[TimeControl "1800+10"]

1. e4 c5 2. Nf3 Nc6 3. Bb5 g6 4. Bxc6 dxc6 5. O-O Bg7 6. d3 Nf6 7. Nc3 b6 8.
Bf4 O-O 9. Qd2 Bg4 10. Ne5 Bd7 11. Bh6 Qc7 12. Bxg7 Kxg7 13. Nxd7 Qxd7 14.
Qg5 Rad8 15. f4 Ng4 16. Rae1 Qd4+ 17. Kh1 Nf2+ 18. Rxf2 Qxf2 19. Rg1 f6 20.
Qg4 Qxc2 21. Qe6 Rf7 22. Qxc6 Qxb2 23. Nd5 Qxa2 24. Qe6 Rd6 25. Qg4 e6 26.
Nxf6 Rxf6 27. e5 Rf7 28. exd6 Qd5 29. Re1 Qxd6 30. Rxe6 Qxf4 31. Qxf4 Rxf4
32. g3 Rf7 33. Kg2 Rd7 34. Kf2 Rxd3 35. Re7+ Kf6 36. Rxa7 h5 37. Rc7 Rd2+
38. Ke3 Rxh2 39. Rc6+ Kg5 40. Rxb6 c4 41. Rc6 Rc2 42. Kf3 Rc3+ 43. Kf2 Kf5
44. Rc5+ Kg4 45. Rc6 g5 46. Rc7 Rc2+ 47. Kf1 Kxg3 48. Rc5 Kg4 49. Ke1 h4 50.
Kd1 Rc3 51. Kd2 Rf3 52. Rxc4+ Kg3 53. Ke2 Rf8 54. Re4 g4 55. Re3+ Kg2 56.
Re4 Kg3 57. Re3+ Rf3 58. Re4 h3 59. Re5 h2 60. Rh5 Kg2 61. Rh4 g3 62. Rh5
Rf2+ {White resigns} 0-1

[Event "ICC tourney 2791 (30 10)"]
[Site "Internet Chess Club"]
[Date "2022.01.08"]
[Round "4"]
[White "SHI, WARREN:warren200"]
[Black "CAO, DANIEL:danielcao"]
[Result "1/2-1/2"]
[ICCResult "White stalemated"]
[WhiteElo "822"]
[BlackElo "1210"]
[Opening "Sicilian defense"]
[ECO "B20"]
[NIC "SI.48"]
[Time "19:00:29"]
[PlyCount "122"]
[TimeControl "1800+10"]

1. e4 c5 2. Bc4 e6 3. Nf3 d5 4. exd5 exd5 5. Bb5+ Nc6 6. O-O Nf6 7. Ne5 Bd7
8. Nxd7 Qxd7 9. d3 Be7 10. h3 O-O 11. Nc3 a6 12. Ba4 b5 13. Bb3 c4 14. dxc4
dxc4 15. Qxd7 Nxd7 16. Rd1 Nf6 17. a4 cxb3 18. cxb3 b4 19. Ne2 Bc5 20. Bg5
Bxf2+ 21. Kxf2 Ne4+ 22. Kg1 Nxg5 23. Rac1 Na5 24. Rc5 Nxb3 25. Rxg5 Rad8 26.
Rxd8 Rxd8 27. Rg3 Rd1+ 28. Kf2 Nd2 29. Rd3 Rf1+ 30. Ke3 Nc4+ 31. Kd4 Nxb2
32. Ng3 Nxd3 33. Nxf1 Nb2 34. a5 Kf8 35. Nd2 Ke7 36. Kc5 Nd3+ 37. Kc4 Nf4
38. Kxb4 Nxg2 39. Kc5 Nf4 40. Kb6 Kd6 41. Kxa6 Kc6 42. Ka7 Kc7 43. a6 Nd5
44. Nb3 f5 45. Nd4 g6 46. Ne6+ Kc8 47. Ng5 f4 48. Nf3 Kc7 49. Ng5 Kc8 50.
Nf3 h6 51. Ne5 g5 52. Nf3 Kc7 53. Ne5 h5 54. Nf3 g4 55. hxg4 hxg4 56. Nh4 f3
57. Nf5 f2 58. Ng3 Ne3 59. Ka8 f1=Q 60. Nxf1 Nxf1 61. a7 Kc8 {White
stalemated} 1/2-1/2

[Event "ICC tourney 2791 (30 10)"]
[Site "Internet Chess Club"]
[Date "2022.01.08"]
[Round "4"]
[White "Mason, Mike W:MikeWMason"]
[Black "SUDHAKAR, SNEGAPRANEETH :Ninthexpert"]
[Result "1-0"]
[ICCResult "Black checkmated"]
[WhiteElo "1550"]
[BlackElo "1293"]
[Opening "Giuoco Piano"]
[ECO "C50"]
[NIC "IG.02"]
[Time "19:00:54"]
[PlyCount "79"]
[TimeControl "1800+10"]

1. e4 e5 2. Nf3 Nc6 3. Bc4 Bc5 4. d4 Bxd4 5. Nxd4 Nxd4 6. Be3 Nc6 7. Qg4 Qf6
8. Qg3 d6 9. Nc3 Be6 10. Nd5 Bxd5 11. exd5 Na5 12. Bd3 b6 13. Bg5 Qg6 14.
Bxg6 hxg6 15. O-O f6 16. Bd2 Nb7 17. Qxg6+ Kf8 18. f4 Ne7 19. Qg3 Nf5 20.
Qg4 Nd4 21. c3 f5 22. Qd1 Nb5 23. a4 Nxc3 24. Bxc3 e4 25. Qd4 Rh7 26. g4 Re8
27. gxf5 Nc5 28. Rae1 Kf7 29. Re3 a5 30. Rg3 Rg8 31. b4 axb4 32. Bxb4 Nxa4
33. Bxd6 cxd6 34. Qxa4 Rgh8 35. Qd7+ Kf8 36. Qxd6+ Kf7 37. Qe6+ Kf8 38. d6
Rxh2 39. Qe7+ Kg8 40. Qxg7# {Black checkmated} 1-0

[Event "ICC tourney 2791 (30 10)"]
[Site "Internet Chess Club"]
[Date "2022.01.08"]
[Round "4"]
[White "Liao, Connor:che2468"]
[Black "Karthi, Jashith:jazzk"]
[Result "0-1"]
[ICCResult "White resigns"]
[WhiteElo "1511"]
[BlackElo "1392"]
[Opening "Queen's pawn game"]
[ECO "D04"]
[NIC "QP.06"]
[Time "19:00:28"]
[PlyCount "80"]
[TimeControl "1800+10"]

1. d4 Nf6 2. Nf3 d5 3. e3 Bf5 4. b3 e6 5. Bb2 Be7 6. Bd3 Bxd3 7. Qxd3 O-O 8.
O-O c5 9. c4 Nc6 10. a3 Rc8 11. Nbd2 h6 12. Ne5 Nxe5 13. dxe5 Ne8 14. f4
dxc4 15. Qxd8 Rxd8 16. Nxc4 b5 17. Na5 Rd2 18. Rf2 Rxf2 19. Kxf2 Bd8 20. b4
c4 21. Nc6 Bb6 22. Bd4 Bxd4 23. Nxd4 Nc7 24. a4 a6 25. axb5 axb5 26. Ra7 Nd5
27. Nxb5 Rc8 28. Nd4 Nxb4 29. Rb7 Nd5 30. Nc2 c3 31. Ke2 Ra8 32. g3 Rd8 33.
Rb3 Nxf4+ 34. exf4 Rd2+ 35. Kf3 Rxc2 36. h4 Rc1 37. Kg4 c2 38. Rc3 Kh7 39.
Rc8 g6 40. Rc7 Kg7 {White resigns} 0-1

[Event "ICC tourney 2791 (30 10)"]
[Site "Internet Chess Club"]
[Date "2022.01.08"]
[Round "4"]
[White "Wang, Boyan:Boyan0619"]
[Black "Elkon, Alex N:Sprinless"]
[Result "1-0"]
[ICCResult "Black resigns"]
[WhiteElo "1413"]
[BlackElo "1681"]
[Opening "Caro-Kann: advance variation"]
[ECO "B12"]
[NIC "CK.02"]
[Time "19:01:17"]
[PlyCount "59"]
[TimeControl "1800+10"]

1. e4 c6 2. d4 d5 3. e5 c5 4. Nf3 Nc6 5. c3 cxd4 6. cxd4 Bg4 7. Be2 e6 8.
O-O Nge7 9. Nbd2 Nf5 10. h3 Bxf3 11. Bxf3 Nfxd4 12. Re1 Qc7 13. Nb3 Nxf3+
14. Qxf3 Nxe5 15. Qg3 f6 16. f4 Nc6 17. Rxe6+ Kf7 18. Re2 Qb6+ 19. Be3 Qb5
20. Qf3 Re8 21. Rd1 d4 22. Nxd4 Nxd4 23. Rxd4 Bc5 24. Qd5+ Kf8 25. Rc2 Rxe3
26. Rxc5 Qe8 27. Qd6+ Re7 28. Re4 Qd7 29. Qxe7+ Qxe7 30. Rc8+ {Black
resigns} 1-0

[Event "ICC tourney 2791 (30 10)"]
[Site "Internet Chess Club"]
[Date "2022.01.08"]
[Round "4"]
[White "AYYAPPAN, ANUSHKA:Anushkaa"]
[Black "PANDHARE, PARTH:ParthP2003"]
[Result "0-1"]
[ICCResult "White checkmated"]
[WhiteElo "1303"]
[BlackElo "1571"]
[Opening "Sicilian: Najdorf, Opocensky variation"]
[ECO "B92"]
[NIC "SI.10"]
[Time "19:00:25"]
[PlyCount "72"]
[TimeControl "1800+10"]

1. e4 c5 2. Nf3 d6 3. d4 cxd4 4. Nxd4 Nf6 5. Nc3 a6 6. Be2 e5 7. Nb3 Be6 8.
Be3 Be7 9. O-O O-O 10. Qd2 Nbd7 11. f4 b5 12. a3 Qc7 13. h3 Bxb3 14. cxb3
Nc5 15. Bxc5 Qxc5+ 16. Kh1 Qa7 17. Bf3 Rac8 18. fxe5 dxe5 19. Nd5 Nxd5 20.
Qxd5 Rc5 21. Qd2 Rd8 22. Qf2 Qc7 23. Bh5 f6 24. Rfe1 Rc2 25. Re2 Rxe2 26.
Qxe2 Bc5 27. a4 Qb6 28. Rc1 Bd4 29. Rc2 bxa4 30. bxa4 Qa5 31. Qc4+ Kh8 32.
b3 Qe1+ 33. Kh2 Bg1+ 34. Kh1 Bf2+ 35. Qf1 Qxf1+ 36. Kh2 Qg1# {White
checkmated} 0-1

[Event "ICC tourney 2791 (30 10)"]
[Site "Internet Chess Club"]
[Date "2022.01.08"]
[Round "4"]
[White "BOGIN, THEODORE:tbogin1"]
[Black "LIU, AARON Y.:werwer119"]
[Result "1-0"]
[ICCResult "Black resigns"]
[WhiteElo "1492"]
[BlackElo "1342"]
[Opening "Giuoco Piano"]
[ECO "C50"]
[NIC "IG.02"]
[Time "19:01:17"]
[PlyCount "145"]
[TimeControl "1800+10"]

1. e4 e5 2. Nf3 Nc6 3. Bc4 Bc5 4. O-O Nf6 5. d4 Bxd4 6. Nxd4 Nxd4 7. f4 Nc6
8. Bxf7+ Kxf7 9. fxe5 Nxe5 10. Qd5+ Ke8 11. Qxe5+ Qe7 12. Qxe7+ Kxe7 13. Bg5
d6 14. Nc3 c6 15. Rae1 Rf8 16. e5 dxe5 17. Rxe5+ Kf7 18. Ne4 Kg6 19. Nxf6
gxf6 20. Rc5 Bd7 21. Bd2 Rad8 22. h4 Bg4 23. Bc3 Rd6 24. Bb4 Rfd8 25. Ra5
Re6 26. Rxa7 b6 27. Re7 c5 28. Rxe6 Bxe6 29. Bc3 f5 30. a4 Ra8 31. Ra1 Kh5
32. g3 Kg4 33. Kf2 Bc4 34. a5 bxa5 35. Rxa5 Rxa5 36. Bxa5 Bd5 37. Bb6 c4 38.
Bc7 Be4 39. b3 cxb3 40. cxb3 Bc6 41. b4 Kh5 42. Ke3 Kg6 43. Kd4 Kf6 44. Kc5
Bf3 45. b5 Ke7 46. Kb6 Kd7 47. Bf4 h5 48. Kc5 Kc8 49. Kd6 Kb7 50. Kc5 Kc8
51. Kb6 Kd7 52. Ka7 Kc8 53. Ka6 Kd7 54. b6 Kc8 55. Ka7 Bg2 56. Ka6 Bh1 57.
Kb5 Kd7 58. Kc5 Bg2 59. Kd4 Ke6 60. Bc7 Kf6 61. Ke3 Bb7 62. Kf4 Bg2 63. Bd8+
Kg6 64. Ke5 Be4 65. Kd6 Kf7 66. Kc7 Ke8 67. Bg5 Kf7 68. b7 Bxb7 69. Kxb7 Ke6
70. Kc6 Ke5 71. Bf4+ Ke6 72. Kc5 Ke7 73. Kd5 {Black resigns} 1-0

[Event "ICC tourney 2791 (30 10)"]
[Site "Internet Chess Club"]
[Date "2022.01.08"]
[Round "4"]
[White "MOK, ERWIN:bricksweat"]
[Black "HOSUR, SANMITA:phosur"]
[Result "1-0"]
[ICCResult "Black forfeits on time"]
[WhiteElo "961"]
[BlackElo "1306"]
[Opening "QGD: Orthodox defense, Botvinnik variation"]
[ECO "D60"]
[NIC "QO.12"]
[Time "19:01:09"]
[PlyCount "65"]
[TimeControl "1800+10"]

1. d4 d5 2. c4 e6 3. Nc3 Nf6 4. Nf3 Be7 5. Bg5 O-O 6. e3 Nbd7 7. Bd3 dxc4 8.
Bxc4 c5 9. dxc5 Nxc5 10. O-O Qc7 11. Bf4 Qb6 12. Qe2 a6 13. Rac1 Bd7 14. Ne5
Bc6 15. Nxc6 Qxc6 16. a3 b5 17. Ba2 Qb7 18. Rfd1 Rac8 19. Be5 Nce4 20. Nxe4
Qxe4 21. Bg3 Nh5 22. Qxh5 h6 23. Qf3 Rxc1 24. Rxc1 Qd3 25. Qd1 Qg6 26. Bb1
Qf6 27. Qc2 g6 28. Qc3 Qg5 29. Qc7 Rd8 30. Qc2 h5 31. Bf4 Qd5 32. h3 e5 33.
e4 {Black forfeits on time} 1-0

[Event "ICC tourney 2791 (30 10)"]
[Site "Internet Chess Club"]
[Date "2022.01.08"]
[Round "4"]
[White "ZAYAS, PETER:Chessplayertwo"]
[Black "BAI, JEFFREY:Jeffchess"]
[Result "0-1"]
[ICCResult "White resigns"]
[WhiteElo "1336"]
[BlackElo "1174"]
[Opening "English opening"]
[ECO "A13"]
[NIC "EO.64"]
[Time "19:01:17"]
[PlyCount "156"]
[TimeControl "1800+10"]

1. c4 e6 2. Nc3 a6 3. g3 Bb4 4. Bg2 Bxc3 5. dxc3 c6 6. e3 Nf6 7. Ne2 d5 8.
cxd5 exd5 9. O-O O-O 10. Qc2 Re8 11. b3 Ne4 12. Bb2 Bf5 13. Nd4 Qg5 14. Nxf5
Qxf5 15. f3 Nxg3 16. Qxf5 Nxf5 17. e4 dxe4 18. fxe4 Nh6 19. h3 Nd7 20. c4 f6
21. Rae1 Ne5 22. Re3 Nhf7 23. Kf2 Rad8 24. Ke2 Nd3 25. Rxd3 Rc8 26. Rd7 b5
27. cxb5 cxb5 28. Rfd1 Ng5 29. Ke3 Ne6 30. Ra7 Nc5 31. Rd5 Ne6 32. Rdd7 Red8
33. Rxd8+ Nxd8 34. Bf3 Rc2 35. Bd4 Kf8 36. Rxa6 Kf7 37. b4 Nc6 38. Bc5 Ne5
39. Ra7+ Kg6 40. Bg4 Rc3+ 41. Ke2 Rc2+ 42. Kd1 Rg2 43. Bf5+ Kh6 44. Be3+ Kh5
45. Bxh7 Kh4 46. Bf5 g6 47. Bg4 Nc4 48. Bf4 Nb2+ 49. Ke1 Nd3+ 50. Kf1 Rf2+
51. Kg1 Rxf4 52. Be2 Ne5 53. Bxb5 Kxh3 54. a4 Rxe4 55. Kf2 Kg4 56. Be2+ Kf4
57. b5 g5 58. b6 g4 59. Rg7 Rxa4 60. b7 Rb4 61. Ba6 Rb2+ 62. Ke1 Ke3 63. Kd1
Rd2+ 64. Kc1 Rd8 65. Rc7 g3 66. Rc8 g2 67. b8=Q g1=Q+ 68. Kb2 Rd2+ 69. Rc2
Rxc2+ 70. Kxc2 Qf2+ 71. Kb3 Qf3 72. Kb4 Qe4+ 73. Kc5 Qd4+ 74. Kb5 Qc4+ 75.
Kb6 Nd7+ 76. Kb7 Qb4+ 77. Kc8 Qxb8+ 78. Kxd7 Qa7+ {White resigns} 0-1

[Event "ICC tourney 2791 (30 10)"]
[Site "Internet Chess Club"]
[Date "2022.01.08"]
[Round "4"]
[White "MOORE, ADAM:madamimadam"]
[Black "Sreekumar, Gauri:gsgirl"]
[Result "0-1"]
[ICCResult "White checkmated"]
[WhiteElo "1465"]
[BlackElo "1448"]
[Opening "Sicilian: closed"]
[ECO "B23"]
[NIC "SI.44"]
[Time "19:00:30"]
[PlyCount "62"]
[TimeControl "1800+10"]

1. e4 c5 2. Nc3 d6 3. f4 Nf6 4. Bc4 Nc6 5. Nf3 Nxe4 6. Bxf7+ Kxf7 7. Nxe4 h6
8. O-O e6 9. c3 Be7 10. d3 Rf8 11. Be3 Kg8 12. Kh1 b6 13. d4 Bb7 14. Qc2 Qd7
15. Rad1 d5 16. dxc5 bxc5 17. Nxc5 Bxc5 18. Bxc5 Rxf4 19. Rfe1 Re8 20. c4
Qf7 21. cxd5 exd5 22. Rxe8+ Qxe8 23. Qb3 Na5 24. Qe3 Qe4 25. Bxa7 Nc4 26.
Qb3 Na5 27. Qb6 Rxf3 28. Qxa5 d4 29. Qd8+ Kh7 30. Qxd4 Rf1+ 31. Qg1 Qxg2#
{White checkmated}
0-1

[Event "ICC tourney 2791 (30 10)"]
[Site "Internet Chess Club"]
[Date "2022.01.08"]
[Round "4"]
[White "Bharathy Mohan, Aarav Sai:aaravbm"]
[Black "PRABHU, VARUN:varunprabhu"]
[Result "1-0"]
[ICCResult "Black checkmated"]
[WhiteElo "709"]
[BlackElo "864"]
[Opening "Vienna game"]
[ECO "C26"]
[NIC "VG.02"]
[Time "19:00:27"]
[PlyCount "151"]
[TimeControl "1800+10"]

1. e4 e5 2. Bc4 Nf6 3. Nc3 c6 4. Nf3 d5 5. exd5 cxd5 6. Bb5+ Bd7 7. Bxd7+
Nbxd7 8. d3 h6 9. O-O Be7 10. Re1 Qb8 11. h3 O-O 12. Bd2 Re8 13. a3 a6 14.
Qc1 Qd6 15. Na2 e4 16. dxe4 dxe4 17. Nh2 Qe5 18. Bf4 Qf5 19. Nc3 Bc5 20. Be3
Bd6 21. Ne2 Qe5 22. Bf4 Qc5 23. Bxd6 Qxd6 24. Rd1 Qe7 25. c3 Nc5 26. Qc2 Nd3
27. Nc1 Rad8 28. Nxd3 exd3 29. Qc1 Qe2 30. Qd2 Qxd2 31. Rxd2 Re2 32. Nf3 Ne4
33. Rxe2 dxe2 34. Re1 Rd1 35. Kh2 Rxe1 36. Nxe1 Nxf2 37. Kg1 Ne4 38. g4 g6
39. Kg2 h5 40. gxh5 gxh5 41. h4 Kg7 42. Kf3 Nd2+ 43. Kxe2 Ne4 44. Nf3 Kf6
45. Ke3 Kg6 46. Kxe4 f5+ 47. Kf4 Kf6 48. Nd4 Kg6 49. Nxf5 Kf6 50. b3 b5 51.
c4 bxc4 52. bxc4 Ke6 53. Ne3 Kd6 54. Kg5 Kc5 55. Kxh5 Kd4 56. Nc2+ Kxc4 57.
Kg5 Kb3 58. h5 Kxc2 59. h6 Kb3 60. h7 Kxa3 61. h8=Q Kb3 62. Qf6 a5 63. Qa1
a4 64. Qd1+ Kb4 65. Qb1+ Ka3 66. Qb7 Ka2 67. Qb4 a3 68. Kf4 Ka1 69. Qxa3+
Kb1 70. Qg3 Kb2 71. Qd3 Kc1 72. Qe2 Kb1 73. Ke3 Ka1 74. Kd3 Kb1 75. Kc3 Kc1
76. Qc2# {Black checkmated} 1-0